 Seeded DCSS version 0.30.0-15-g856e2d3f33 (webtiles) character file.

Game seed: 1882581695637917331 (custom seed)

4778 bmack86 the Cleaver (level 10, -3/96 HPs)
             Began as a Minotaur Fighter on May 19, 2023.
             Was an Elder of Okawaru.
             Slain by a gnoll sergeant
             ... wielding a +0 halberd
              (6 damage)
             ... in a bailey.
             The game lasted 00:22:01 (6849 turns).

bmack86 the Cleaver (Minotaur Fighter)              Turns: 6849, Time: 00:22:03

Health: -3/96      AC: 20    Str: 24    XL:     10   Next: 23%
Magic:  13/13      EV:  4    Int:  5    God:    Okawaru [****..]
Gold:   675        SH:  0    Dex: 14    Spells: 9/9 levels left

rFire   . . .        b - +7 battleaxe "Ytroxunk" {venom, rF- Dex+3}
rCold   + . .        (shield currently unavailable)
rNeg    . . .        K - +0 gold dragon scales
rPois   +            (helmet restricted)
rElec   .            (no cloak)
rCorr   .            n - +2 pair of gloves
SInv    .            s - +0 pair of boots
Will    .....        x - amulet of magic regeneration Stlth
                     (no ring)
HPRegen 0.36/turn    (no ring)
MPRegen 0.53/turn

%: no passive effects
@: confused, finesse-ful, ambrosia-drunk, weakened
A: horns 2, retaliatory headbutt
a: Renounce Religion, Heroism, Finesse


You were in a bailey.
You worshipped Okawaru.
Okawaru was greatly pleased with you.
You visited 1 branch of the dungeon, and saw 7 of its levels.
You also visited: Sewer and Bailey.

You collected 675 gold pieces.

Inventory:

Hand Weapons
 a - a +1 war axe of venom
 b - the +7 battleaxe "Ytroxunk" (weapon) {venom, rF- Dex+3}
   (You acquired it on level 4 of the Dungeon)

   Dex:       It affects your dexterity (+3).
   rF:        It makes you vulnerable to fire.
Missiles
 l - 3 javelins
 r - 6 boomerangs (quivered)
 C - 31 poisoned darts
 F - 3 curare-tipped darts
 G - 6 throwing nets
 I - 3 silver boomerangs
Armour
 f - a +0 plate armour
 n - a +2 pair of gloves (worn)
 s - a +0 pair of boots (worn)
 u - a +0 kite shield
 K - +0 gold dragon scales (worn)
Jewellery
 g - a ring of ice
 x - an amulet of magic regeneration (around neck)
Wands
 y - a wand of iceblast (9)
 J - a wand of polymorph (7)
Scrolls
 h - 2 scrolls of poison
 k - 3 scrolls of magic mapping
 m - 3 scrolls of enchant weapon
 p - a scroll of blinking
 t - 2 scrolls of amnesia
 w - 3 scrolls of immolation
 A - 2 scrolls of teleportation
 H - a scroll of torment {unknown}
Potions
 d - 3 potions of might
 e - 2 potions of ambrosia
 i - a potion of flight
 j - 3 potions of curing
 o - 2 potions of invisibility
 q - a potion of cancellation
 z - 2 potions of haste
 E - a potion of resistance


   Skills:
 + Level 11.4 Fighting
 * Level 12.2 Axes
 + Level 4.1 Throwing
 + Level 6.4 Armour
 + Level 6.4 Shields
 + Level 6.6 Invocations


You had 9 spell levels left.
You didn't know any spells.
Your spell library contained the following spells:

 Spells                   Type           Power      Damage    Failure   Level
 Blink                    Tloc           0%         N/A       100%        2
 Manifold Assault         Tloc           0%         N/A       100%        4
 Passage of Golubria      Tloc           0%         N/A       100%        4
 Yara's Violent Unravell  Hex/Tmut       0%         3d3       100%        5
 Storm Form               Tmut/Air       0%         N/A       100%        7
 Tukima's Dance           Hex            Unusable   N/A       N/A         3

Dungeon Overview and Level Annotations

Branches:
Dungeon (7/15)              Sewer (visited)          Bailey (1/1)
 Temple: D:4-7

Altars:
Cheibriados
Makhleb
Okawaru
Wu Jian


Innate Abilities, Weirdness & Mutations

You have a pair of horns on your head.
You reflexively headbutt those who attack you in melee.


Message History

The gnoll sergeant barely misses you.
The gnoll sergeant hits you but does no damage.
Things that are here:
a +0 spear; 2 throwing nets; a +0 ring mail The gnoll bouda is no longer moving quickly.
The gnoll sergeant hits you but does no damage.
The gnoll sergeant completely misses you.
The gnoll bouda barely misses you.
The gnoll sergeant hits you but does no damage.
You hit the gnoll sergeant.
The gnoll sergeant is poisoned.
You headbutt the gnoll sergeant, but do no damage.
The gnoll sergeant is lightly wounded.
You hit the gnoll sergeant but do no damage.
The gnoll sergeant is poisoned.
The gnoll sergeant hits you but does no damage.
The gnoll bouda calls upon its god to heal the gnoll sergeant.
The gnoll sergeant's wounds heal themselves!
The gnoll sergeant hits you from afar with a +0 halberd!
* * * LOW HITPOINT WARNING * * *
You bump into the granite statue.
The gnoll sergeant hits you with a +0 halberd.
* * * LOW HITPOINT WARNING * * *
The gnoll sergeant barely misses you. The gnoll bouda barely misses you.
The gnoll sergeant hits you from afar with a +0 halberd!
* * * LOW HITPOINT WARNING * * *
The gnoll sergeant attacks as you move away!
The gnoll sergeant hits you but does no damage. x2
The gnoll bouda calls upon its god to heal the gnoll sergeant.
The gnoll sergeant is healed somewhat.
The gnoll sergeant hits you from afar with a +0 halberd.
* * * LOW HITPOINT WARNING * * *
Things that are here:
a +0 halberd; a +0 scale mail; a gnoll corpse You're too confused to move!
The gnoll sergeant barely misses you.
The gnoll sergeant hits you from afar with a +0 halberd.
* * * LOW HITPOINT WARNING * * *
The gnoll bouda hits you from afar with a +0 trident.
* * * LOW HITPOINT WARNING * * *
The gnoll sergeant hits you from afar with a +0 halberd.
You die...

########### ..≈≈♣♣
##.8g......8 #..≈.♣ ♣≈
##.....g..... #..≈.♣ ♣≈.
#...)@.g..... #..≈.. ♣≈.
#..††g#####.. #..≈..
♣≈..#..))##...## #..≈..
♣≈..##'###.....######..≈..
♣≈......#......)#...'...).
♣≈....).'...8..)'...'..)..
♣≈......#......)#...'..)..
♣≈..##'###.....######..≈..
♣≈..#..).##...##..'.#..≈..


You could see 3 gnoll sergeants and a gnoll bouda.

Vanquished Creatures
  Maggie (D:7)
  Menkaure (D:5)
  Edmund (D:5)
  2 water moccasins
  An orc warrior (D:6)
  A sky beast (D:6)
  A black bear (D:6)
  2 centaurs (D:6)
  10 wolves (Bailey)
  4 ogres
  A phantom (D:4)
  9 kobold brigands (Sewer)
  3 scorpions (D:5)
  3 gnoll sergeants (Bailey)
  5 hounds
  5 gnoll boudas (Bailey)
  3 jellies (D:6)
  3 orc priests
  Ijyb (D:3)
  A sleepcap (D:6)
  4 iguanas
  Terence (D:3)
  3 orc wizards
  10 gnolls (Bailey)
  13 adders
  3 river rats
  A shadow imp (D:7)
  2 white imps
  4 worms
  3 dart slugs
  13 orcs
  4 bats
  9 endoplasms
  2 giant cockroaches
  10 goblins
  11 hobgoblins
  2 jackals (D:3)
  12 kobolds
  4 quokkas
  5 ball pythons
  2 frilled lizards (D:2)
  9 rats
185 creatures vanquished.

Notes
Turn   | Place    | Note
-------+----------+-------------------------------------------
     0 | D:1      | bmack86 the Minotaur Fighter began the quest for the Orb.
     0 | D:1      | Reached XP level 1. HP: 19/19 MP: 0/0
   495 | D:1      | Reached XP level 2. HP: 27/27 MP: 1/1
   706 | D:1      | Reached skill level 3 in Axes
  1052 | D:2      | Reached XP level 3. HP: 33/33 MP: 2/2
  1859 | D:3      | Noticed Terence
  1868 | D:3      | Killed Terence
  1869 | D:3      | Reached skill level 1 in Throwing
  1869 | D:3      | Reached XP level 4. HP: 31/40 MP: 3/3
  2102 | D:3      | Noticed Ijyb
  2114 | D:3      | Killed Ijyb
  2115 | D:3      | Reached skill level 4 in Axes
  2193 | D:3      | Found an ornate altar of the Wu Jian Council.
  2223 | D:3      | Reached XP level 5. HP: 43/47 MP: 4/4
  2508 | D:4      | Noticed an ogre
  2516 | D:4      | Killed an ogre
  2741 | D:4      | Found an iron altar of Okawaru.
  2749 | D:4      | Became a worshipper of Warmaster Okawaru
  2878 | D:4      | Reached XP level 6. HP: 53/53 MP: 5/5
  2937 | D:4      | Reached skill level 5 in Axes
  3026 | D:4      | Reached skill level 10 in Fighting
  3026 | D:4      | Reached skill level 10 in Axes
  3026 | D:4      | Reached skill level 5 in Invocations
  3026 | D:4      | Reached XP level 7. HP: 73/73 MP: 5/10
  3110 | D:4      | Identified a scroll of acquirement
  3110 | D:4      | Acquired the +7 battleaxe "Ytroxunk" {venom, rF- Dex+3}
  3306 | D:4      | Found a snail-covered altar of Cheibriados.
  3367 | D:5      | Entered Level 5 of the Dungeon
  3476 | D:5      | Reached skill level 5 in Armour
  3511 | D:5      | Reached * piety under Okawaru
  3512 | D:5      | Noticed Menkaure
  3518 | D:5      | Killed Menkaure
  3519 | D:5      | Reached XP level 8. HP: 19/81 MP: 11/11
  3752 | D:5      | Reached skill level 5 in Shields
  3823 | D:5      | Noticed Edmund
  3830 | D:5      | Killed Edmund
  3831 | D:5      | Reached skill level 11 in Axes
  3851 | D:5      | Identified the +1 robe "Cige Wuagaj" {rCorr MP-9 Archmagi}
  3861 | D:5      | Reached ** piety under Okawaru
  4446 | D:6      | Found a glowing drain.
  4473 | Sewer    | Entered a sewer
  4806 | Sewer    | Reached XP level 9. HP: 68/86 MP: 12/12
  4936 | Sewer    | Reached *** piety under Okawaru
  5878 | D:6      | Found a burning altar of Makhleb.
  6151 | D:7      | Noticed Maggie
  6156 | D:7      | Killed Maggie
  6156 | D:7      | Reached **** piety under Okawaru
  6218 | D:7      | Found a flagged portal.
  6252 | Bailey   | Entered a bailey
  6521 | Bailey   | Reached skill level 12 in Axes
  6521 | Bailey   | Reached XP level 10. HP: 44/96 MP: 13/13
  6849 | Bailey   | HP: 3/96 [gnoll bouda/+0 trident (4)]
  6849 | Bailey   | Slain by a gnoll sergeant

Illustrated notes

Levels and vault maps discovered:
D:1:      dpeg_arrival_erosion, layout_basic
D:2:      layout_basic, minmay_tripent
D:3:      layout_loops_ring, nicolae_wu_jian_wuxing_cycle, serial_bayou_pond_d,
          uniq_ijyb, uniq_terence
D:4:      layout_basic, lemuel_round_altar, kennysheep_slug_shrine,
          minmay_misc_feat_hallway, nicolae_kite_square_tiling_tiny
D:5:      layout_loops_corners, uniq_menkaure, uniq_edmund
D:6:      layout_loops_ring, kennysheep_mini, portal_sewer_entry_c,
          hangedman_decor_lopped, serial_bayou_crossing
D:7:      layout_loops_ring, old_standard_altar, temple_green, enter_bailey_3,
          serial_park_tiny_2, uniq_maggie
Bailey:   bailey_polearm_gnolls_kennysheep, bailey

Skill      XL: |  1  2  3  4  5  6  7  8  9 10 |
---------------+-------------------------------+-----
Axes           | 3 4 10 11 12 | 12.2
Fighting       | 4 10 11 | 11.4
Armour         | 4 5 6 |  6.4
Shields        | 4 5 6 |  6.4
Throwing       | 1 2 3 4 |  4.1
Invocations    | 5 6 |  6.6

Action                     |  1- 3 |  4- 6 |  7- 9 | 10-12 || total
---------------------------+-------+-------+-------+-------++-------
  Melee: War axe           |    79 |    68 |    14 |       ||   161
         Headbutt          |     8 |    16 |    35 |     6 ||    65
         Battleaxe         |       |       |   194 |    25 ||   219
  Throw: Javelin           |     5 |       |       |       ||     5
 Invoke: Heroism           |       |       |     1 |       ||     1
         Finesse           |       |       |       |     1 ||     1
    Use: Scroll            |       |     7 |    15 |       ||    22
         Potion            |       |     1 |       |     1 ||     2
 Armour: Scale mail        |    48 |    34 |     2 |       ||    84
         Plate armour      |       |       |   109 |       ||   109
         Gold dragon scale |       |       |    72 |    58 ||   130
  Dodge: Dodged            |    48 |    19 |    80 |    26 ||   173
  Block: Buckler           |    15 |       |       |       ||    15
         Kite shield       |     4 |    26 |     1 |       ||    31
